 Dungeon Crawl Stone Soup version 0.30-a0-149-g7f746667c4 (webtiles) character file.

Game seed: 14415580071289923911

98 freelancePsychic the Insei (level 4, -1/35 HPs)
             Began as a Vampire Wanderer on Sept 26, 2022.
             Was a Follower of Trog.
             Succumbed to a kobold's poison
             ... on level 2 of the Dungeon.
             The game lasted 00:03:32 (1349 turns).

freelancePsychic the Insei (Vampire Wanderer)       Turns: 1349, Time: 00:03:33

Health: -1/35      AC:  8    Str:  8    XL:     4   Next: 44%
Magic:  5/5        EV:  7    Int: 15    God:    Trog [*.....]
Gold:   89         SH:  0    Dex: 13    Spells: 4/5 levels left

rFire   . . .      SeeInvis +      - Unarmed
rCold   . . .      Faith    .    (no shield)
rNeg    . . .      Spirit   .    k - +0 scale mail
rPois   .          Reflect  .    (no helmet)
rElec   .          Harm     .    i - +0 cloak
rCorr   .          Rampage  .    (no gloves)
Will    .....      Clarity  +    c - +0 pair of boots
Stlth   +.........               (no amulet)
HPRegen 0.31/turn                (no ring)
MPRegen 0.09/turn                (no ring)

@: lethally poisoned (-1 -> -2), on berserk cooldown, flying, healing quickly,
slowed, very slow
A: alive, fangs 3, see invisible, vampiric 2, talons 1, clarity, clumsy 1, dopey
1
a: Exsanguinate, Renounce Religion, Berserk


You were on level 2 of the Dungeon.
You worshipped Trog.
Trog was aware of your devotion.
You visited 1 branch of the dungeon, and saw 3 of its levels.

You collected 89 gold pieces.

Inventory:

Hand Weapons
 a - a +3 whip of draining
Armour
 c - a +0 pair of boots (worn)
 e - a +0 robe
 i - a +0 cloak (worn)
 k - a +0 scale mail (worn)
Scrolls
 d - 2 scrolls of summoning
 h - 4 scrolls of fog {unknown}
 j - a scroll of identify {unknown}
 l - a scroll of immolation {unknown}
 n - a scroll of enchant weapon {unknown}
 o - a scroll of poison
Potions
 b - a potion of haste {@q3}
 f - a potion of berserk rage


   Skills:
 + Level 3.3 Fighting
 * Level 4.4 Stealth
 + Level 4.7 Unarmed Combat
 - Level 1.2 Spellcasting
 - Level 2.2 Necromancy


You had 4 spell levels left.
You knew the following spells:

 Your Spells              Type           Power      Damage    Failure   Level
a - Necrotise             Necr           28%        1d5       69%         1

Your spell library contained the following spells:

 Spells                   Type           Power      Damage    Failure   Level
 Vampiric Draining        Necr           7%         2d6       96%         3
 Tukima's Dance           Hex            0%         N/A       100%        3
 Passage of Golubria      Tloc           0%         N/A       100%        4
 Yara's Violent Unravell  Hex/Tmut       0%         3d3       100%        5


Dungeon Overview and Level Annotations

Branches:
Dungeon (3/15)

Altars:
Trog


Innate Abilities, Weirdness & Mutations

Your natural rate of healing is accelerated.
You have razor-sharp teeth.
You have supernaturally acute eyesight. (SInv)
You are afflicted with vampirism and can become a bat while bloodless.
You have sharp toenails.
You possess an exceptional clarity of mind.
You are clumsy. (Dex -2)
You are dopey. (Int -2)


Message History

You are too injured to fight recklessly!
You are too injured to fight recklessly!
You are too injured to fight recklessly!
You are too injured to fight recklessly!
You feel very sick.
The kobold throws a poisoned dart.
The poisoned dart barely misses you.
There is a stone staircase leading up here.
You feel very sick.
You climb upwards.
* * * LOW HITPOINT WARNING * * *
You feel very sick.
There is a stone staircase leading down here.
It was a potion of flight.
You feel very buoyant.
You fly up into the air.
* * * LOW HITPOINT WARNING * * *
You feel very sick.
It was a potion of mutation.
You feel extremely strange.
You feel stupid.
Your toenails lengthen and sharpen.
You feel clumsy.
Your thoughts seem clearer.
* * * LOW HITPOINT WARNING * * *
You feel sick.
A red film seems to cover your vision as you go berserk!
You feel yourself moving faster!
You feel mighty!
* * * LOW HITPOINT WARNING * * *
You feel sick.
You feel a strong urge to attack something.
* * * LOW HITPOINT WARNING * * *
You feel sick.
You feel your anger nearly subside.
You are no longer berserk.
You are exhausted.
You feel yourself slow down.
* * * LOW HITPOINT WARNING * * *
You feel sick.
Okay, then.
Keep bloodletting?
* * * LOW HITPOINT WARNING * * *
You feel sick.
You begin bloodletting.
You continue bloodletting.
You die...

..#####.......# #...###.##.###.#
#.......†.....# #...# #.##.# #.#
.............####..## #.##.# #.#
#...###........)†...###.##.# #.#
###..##.......###.....#.##.###.##
.###.##.......##........#..##>..#
.# #.##†..................##.....
.# #.÷#...................#....[.
.# ##...#...##..@.........#......
.#####).##.......................
.#.........###............##.....
...###...### #........[.####..<..
.#.# ###..## #..........###......
...# #...###...........##......
...#####.................##......
....##...#...............##......
.....<.##...................#...#


There were no monsters in sight!

Vanquished Creatures
  Terence (D:2)
  An adder (D:2)
  An ufetubus (D:3)
  2 worms (D:2)
  A dart slug (D:1)
  5 endoplasms
  3 giant cockroaches
  6 goblins
  A hobgoblin (D:1)
  4 jackals (D:2)
  5 kobolds
  2 quokkas (D:1)
  4 ball pythons
  4 bats
  2 frilled lizards (D:1)
  7 rats
49 creatures vanquished.

Notes
Turn   | Place    | Note
-------+----------+-------------------------------------------
     0 | D:1      | freelancePsychic the Vampire Wanderer began the quest for
                  | the Orb.
     0 | D:1      | freelancePsychic set off with the following items: a +0
                  | dagger, a potion of haste {@q3}, a +0 pair of boots, a
                  | scroll of summoning, a +0 robe, a potion of berserk rage;
                  | and the following spell memorised: Necrotise; and the
                  | following spells available to memorise: Vampiric Draining.
     0 | D:1      | Reached XP level 1. HP: 17/17 MP: 2/2
    98 | D:1      | Reached XP level 2. HP: 22/23 MP: 3/3
   303 | D:1      | You fall into a shaft and drop 1 floor!
   670 | D:1      | Gained mutation: You are afflicted with vampirism and can
                  | become a bat while bloodless. [Vampire growth]
   670 | D:1      | Reached XP level 3. HP: 29/29 MP: 4/4
   808 | D:2      | Found a faded altar of an unknown god.
   821 | D:2      | Prayed at the altar of an unknown god.
   821 | D:2      | Became a worshipper of Trog the Wrathful
   821 | D:2      | Reached * piety under Trog
  1005 | D:2      | Noticed Terence
  1019 | D:2      | Killed Terence
  1020 | D:2      | Reached XP level 4. HP: 35/35 MP: 5/5
  1343 | D:2      | Gained mutation: You are dopey. (Int -2) [potion of
                  | mutation]
  1343 | D:2      | Gained mutation: You have sharp toenails. [potion of
                  | mutation]
  1343 | D:2      | Gained mutation: You are clumsy. (Dex -2) [potion of
                  | mutation]
  1343 | D:2      | Gained mutation: You possess an exceptional clarity of
                  | mind. [potion of mutation]
  1347 | D:2      | HP: 1/35 [poisoned by a kobold]
  1349 | D:2      | Succumbed to a kobold's poison

Illustrated notes

Levels and vault maps discovered:
D:1:      dpeg_arrival_fog, layout_rooms
D:2:      layout_rooms, hellmonk_ecumenical_altar_dog_temple, uniq_terence
D:3:      layout_loops_ring

Skill      XL: |  1  2  3 |
---------------+----------+-----
Stealth        | 2 4 |  4.4
Necromancy     | 2 |  2.2
Fighting       | 3 |  3.3
Unarmed Combat | |  4.7
Spellcasting   | |  1.2

Action                   |  1- 3 |  4- 6 || total
-------------------------+-------+-------++-------
Melee: Unarmed           |    81 |    19 ||   100
       Bite              |    12 |     3 ||    15
       Whip              |    45 |       ||    45
       Punch             |     2 |       ||     2
 Cast: Necrotise         |    13 |       ||    13
Invok: Berserk           |     1 |       ||     1
 Abil: Exsanguinate      |       |     1 ||     1
  Use: Scroll            |     1 |       ||     1
       Potion            |       |     3 ||     3
 Stab: Sleeping          |     2 |       ||     2
Armor: Robe              |    46 |       ||    46
       Scale mail        |       |     9 ||     9
Dodge: Dodged            |    91 |     8 ||    99

Table legend: (Time is in decaauts)
 A = Elapsed time spent in this place.
 B = Non-inter-level travel time spent in this place.
 C = Inter-level travel time spent in this place.
 D = Time resting spent in this place.
 E = Time spent auto-exploring this place.
 F = Levels seen in this place.
 G = Mean time per level.
                   A        B        C        D        E       F      G
               +--------+--------+--------+--------+--------+-----+--------+
         Total |   1350 |   1305 |     45 |    200 |    739 |   3 |  450.0 |
       Dungeon |   1350 |   1305 |     45 |    200 |    739 |   3 |  450.0 |
               +--------+--------+--------+--------+--------+-----+--------+

Top non-repeatable levels by time:
     D:1: 719 daAuts
     D:2: 622 daAuts
     D:3: 9 daAuts
